 Dungeon Crawl Stone Soup version 0.19.0-24-gb05acd6 (webtiles) character file.

89 JeffiDaFish the Shield-Bearer (level 4, -4/29 HPs)
             Began as a Gargoyle Fighter on Nov 21, 2016.
             Slain by Mahasti's ghost (6 damage)
             ... on level 3 of the Dungeon.
             The game lasted 00:03:21 (2141 turns).

JeffiDaFish the Shield-Bearer (Gargoyle Fighter)    Turns: 2141, Time: 00:03:22

Health: -4/29      AC: 12    Str: 21    XL:     4   Next: 55%
Magic:  4/4        EV:  5    Int:  8    God:
Gold:   98         SH: 11    Dex:  9    Spells: 0 memorised, 3 levels left

rFire  . . .     SeeInvis .     a - +0 flail
rCold  . . .     Gourm    .     i - +0 chain mail
rNeg   + . .     Faith    .     c - +2 shield
rPois  ∞         Spirit   .     (no helmet)
rElec  +         Reflect  .     (no cloak)
rCorr  .         Harm     .     (no gloves)
MR     .....                    (no boots)
Stlth  ..........               (no amulet)
                                (no ring)
                                (no ring)

@: no status effects
A: negative energy resistance 1, electricity resistance, unbreathing,
petrification resistance, rot immunity, AC +3
a: no special abilities


You were on level 3 of the Dungeon.
You were hungry.

You visited 1 branch of the dungeon, and saw 3 of its levels.

You collected 98 gold pieces.

Inventory:

Hand Weapons
 a - a +0 flail (weapon)
Armour
 c - a +2 shield (worn)
 i - a +0 chain mail (worn)
Scrolls
 e - 2 scrolls of amnesia
Potions
 d - a potion of might
 k - a potion of berserk rage
Comestibles
 b - 3 chunks of flesh
 f - 2 bread rations
 g - a beef jerky
 h - a meat ration
 j - 2 slices of pizza


   Skills:
 + Level 3.7 Fighting
 + Level 3.1 Maces & Flails
 + Level 3.7 Armour
 + Level 0.4 Dodging
 + Level 4.1 Shields


You had 3 spell levels left.
You didn't know any spells.

Dungeon Overview and Level Annotations

Branches:
Dungeon (3/15)

Altars:

Annotations:
D:3 Mahasti's ghost, weakling DrMo


Innate Abilities, Weirdness & Mutations

You are resistant to torment.
Your stone body is resilient. (AC +3)
You are immune to poison.
You resist negative energy. (rN+)
You are resistant to electric shocks. (rElec)
You can survive without breathing.
You are immune to petrification.
You are immune to rotting.


Message History

You closely miss Mahasti's ghost.
Mahasti's ghost is severely damaged.
The hound bites you but does no damage.
Mahasti's ghost laughs crazily.
You block Mahasti's ghost's attack. The hound bites you.
* * * LOW HITPOINT WARNING * * *
You completely miss Mahasti's ghost.
Mahasti's ghost is severely damaged.
The hound barely misses you. You block Mahasti's ghost's attack.
You block the hound's attack.
You closely miss Mahasti's ghost.
Mahasti's ghost is severely damaged.
The hound bites you.
* * * LOW HITPOINT WARNING * * *
Mahasti's ghost hits you.
* * * LOW HITPOINT WARNING * * *
The hound bites you.
* * * LOW HITPOINT WARNING * * *
Mahasti's ghost hits you.
You die...

#.# ###............
#.# #...####++#####
#.# ##..## # #.#
###..##... # #.#
#.÷.##....
#########.###.###.....
#.............##......
#####...##...W#.......
#.#######@#.......
#.#######h#.......
#.##.....S'.......
#.##......'†......
#.##..[...#...h...
#.##).....#.......
#.........#.......
####......##......
#.......##.%...


You could see a hound, Mahasti's ghost and an adder.

Vanquished Creatures
  4 adders (D:2)
  2 oozes (D:2)
  3 worms (D:2)
  An orc (D:3)
  6 bats
  A giant cockroach (D:1)
  A goblin (D:2)
  3 hobgoblins
  2 jackals (D:2)
  4 kobolds
  A quokka (D:2)
  6 frilled lizards
  4 rats
38 creatures vanquished.

Notes
Turn   | Place    | Note
-------+----------+-------------------------------------------
     0 | D:1      | JeffiDaFish the Gargoyle Fighter began the quest for the Orb.
     0 | D:1      | Reached XP level 1. HP: 14/14 MP: 1/1
   159 | D:1      | Reached XP level 2. HP: 18/19 MP: 2/2
   750 | D:2      | Reached XP level 3. HP: 23/23 MP: 3/3
  1068 | D:2      | Found a faded altar of an unknown god.
  1522 | D:2      | Reached skill level 4 in Shields
  1525 | D:2      | Reached XP level 4. HP: 14/28 MP: 4/4
  2119 | D:3      | Noticed Mahasti's ghost (weakling DrMo)
  2141 | D:3      | Slain by Mahasti's ghost

Skill      XL: |  1  2  3 |
---------------+----------+-----
Maces & Flails | 3 |  3.1
Shields        | 4 |  4.1
Fighting       | |  3.7
Armour         | |  3.7
Dodging        | |  0.4

Action                   |  1- 3 |  4- 6 || total
-------------------------+-------+-------++-------
Melee: Flail             |   142 |    92 ||   234
  Use: Scroll            |     8 |     2 ||    10
       Potion            |     2 |     2 ||     4
  Eat: Chunk             |     2 |     2 ||     4
Armor: Scale mail        |    34 |       ||    34
       Chain mail        |    59 |    54 ||   113
Dodge: Dodged            |    31 |    21 ||    52
Block: Shield            |    94 |    80 ||   174
